 Dungeon Crawl Stone Soup version 0.28.0-43-g3370ac3207 (webtiles) character file.

Game seed: 11682357461406901176

1791 GreyFruit the Destroyer (level 8, -3/62 HPs)
             Began as a Yellow Draconian Conjurer on Mar 6, 2022.
             Was an Initiate of Ashenzari.
             Slain by Harold
             ... wielding a +0 dire flail
              (15 damage)
             ... on level 7 of the Dungeon.
             The game lasted 00:34:56 (8946 turns).

GreyFruit the Destroyer (Yellow Draconian Conjurer) Turns: 8946, Time: 00:34:57

Health: -3/62      AC:  9    Str:  9    XL:     8   Next: 82%
Magic:  13/18      EV: 13    Int: 26    God:    Ashenzari [......]
Gold:   292        SH:  0    Dex: 14    Spells: 17/20 levels left

rFire   . . .      SeeInvis +   o - +4 dagger of Fedhas's Approval {freeze, Dex+3 SInv}
rCold   . . .      Faith    .   (no shield)
rNeg    . . .      Spirit   .   (armour unavailable)
rPois   .          Reflect  .   (helmet restricted)
rElec   .          Harm     .   d - +0 cloak
rCorr   +          Rampage  .   z - +0 pair of gloves
Will    .....                   n - +0 pair of boots
Stlth   ++........              (no amulet)
HPRegen 0.20/turn               t - +6 ring of intelligence
MPRegen 0.16/turn               (no ring)

@: short of breath
A: spit acid, AC +6, unfitting armour, cold-blooded, acid resistance
a: Breathe Acid, Renounce Religion, Curse Item


You were on level 7 of the Dungeon.
You worshipped Ashenzari.
Ashenzari was noncommittal.
You visited 2 branches of the dungeon, and saw 8 of its levels.

You collected 292 gold pieces.

Inventory:

Hand Weapons
 c - a +0 short sword
 o - the +4 dagger of Fedhas's Approval (weapon) {freeze, Dex+3 SInv}
   (You found it on level 3 of the Dungeon)

   It freezes those it strikes, dealing additional cold damage.
   It can also slow down cold-blooded creatures.
   Dex:       It affects your dexterity (+3).
   SInv:      It lets you see invisible.
Armour
 d - a +0 cloak (worn)
 n - a +0 pair of boots (worn)
 r - an orb of energy
 z - a +0 pair of gloves (worn)
Magical Staves
 v - a staff of fire
Jewellery
 a - a ring of fire
 t - a +6 ring of intelligence (left hand)
Wands
 p - a wand of polymorph (7)
 y - a wand of mindburst (17)
 D - a wand of iceblast (3)
Scrolls
 e - a scroll of teleportation {unknown}
 f - a scroll of fog
 h - 3 scrolls of enchant armour {unknown}
 i - a scroll of blinking {unknown}
 k - a scroll of fear {unknown}
 l - a scroll of immolation {unknown}
 q - 6 scrolls of identify {unknown}
 s - 3 scrolls of noise {unknown}
 x - 4 scrolls of vulnerability {unknown}
 A - a scroll of magic mapping {unknown}
Potions
 b - 2 potions of brilliance {unknown}
 g - a potion of ambrosia {unknown}
 j - 3 potions of lignification {unknown}
 m - 2 potions of curing
 u - 2 potions of might {unknown}
 w - a potion of degeneration {unknown}
 B - 2 potions of mutation {unknown}
 C - a potion of heal wounds {unknown}
 E - a potion of attraction {unknown}


   Skills:
 + Level 2.4 Fighting
 - Level 0.2 Short Blades
 + Level 3.8 Dodging
 - Level 2.6 Stealth
 - Level 0.1 Unarmed Combat
 + Level 6.9 Spellcasting
 + Level 8.3 Conjurations


You had 17 spell levels left.
You knew the following spells:

 Your Spells              Type           Power      Damage    Failure   Level
a - Magic Dart            Conj           100%       1d8       1%          1
b - Searing Ray           Conj           100%       2d8       1%          2

Your spell library contained the following spells:

 Spells                   Type           Power      Damage    Failure   Level
 Shock                    Conj/Air       100%       1d9       1%          1
 Dazzling Flash           Conj/Hex       60%        N/A       3%          3
 Summon Small Mammal      Summ           32%        N/A       6%          1
 Mephitic Cloud           Conj/Pois/Air  23%        N/A       6%          3
 Corpse Rot               Necr/Air       16%        N/A       10%         2
 Ensorcelled Hibernation  Hex/Ice        16%        N/A       10%         2
 Poisonous Vapours        Pois/Air       16%        N/A       10%         2
 Sublimation of Blood     Necr           8%         N/A       10%         2
 Wereblood                Tmut           8%         N/A       10%         2
 Fulminant Prism          Conj/Hex       15%        3d11      12%         4
 Iskenderun's Mystic Bla  Conj/Tloc      30%        2d8       12%         4
 Call Canine Familiar     Summ           8%         N/A       19%         3
 Ignite Poison            Fire/Tmut/Pois 8%         N/A       19%         3
 Spider Form              Tmut/Pois      8%         N/A       19%         3
 Summon Guardian Golem    Hex/Summ       8%         N/A       19%         3
 Swiftness                Air            8%         N/A       19%         3
 Freezing Cloud           Conj/Ice/Air   11%        6-21      50%         5
 Airstrike                Air            4%         N/A       54%         4
 Anguish                  Hex/Necr       4%         N/A       54%         4
 Summon Hydra             Summ           4%         N/A       100%        7


Dungeon Overview and Level Annotations

Branches:
Dungeon (7/15)             Temple (1/1) D:4

Altars:
Ashenzari
Cheibriados
Elyvilon
Fedhas
Gozag
Hepliaklqana
Nemelex Xobeh
Qazlal
Ru
Trog
Uskayaw
Wu Jian
Zin
The Shining One

Shops:
D:4 *

Annotations:
D:7 Harold


Innate Abilities, Weirdness & Mutations

You can spit globs of acid.
Your golden yellow scales are hard. (AC +6)
You cannot fit into any form of body armour.
You are cold-blooded and may be slowed by cold attacks.
You are resistant to acid. (rCorr)


Message History

The harpoon shot hits you but does no damage.
Harold throws a throwing net.
The throwing net closely misses you.
You see here a throwing net.
Casting: Magic Dart (safe; 1% risk of failure)
Confirm with . or Enter, or press ? or * to list all spells.
Aiming: Magic Dart (safe; 1% risk of failure)
Press: ? - help, Shift-Dir - straight line, f/p - Harold
Aim: Harold, wielding a +0 dire flail, wearing a +0 scale mail and quivering 2 throwing nets (lightly wounded, 100% to hit)
The magic dart hits Harold but does no damage.
Harold is lightly wounded.
Harold fires a harpoon shot at you. The harpoon shot hits you!
You are yanked forward by the harpoon shot.
Press: ? - help, Shift-Dir - straight line, f/p - Harold
Aim: Harold, wielding a +0 dire flail, wearing a +0 scale mail and quivering 2 throwing nets (lightly wounded, 78% to hit)
You spit a glob of acid.
The glob of acid hits Harold!
The acid corrodes Harold!
Harold is lightly wounded.
Harold hits you with a +0 dire flail!!
Casting: Magic Dart (safe; 1% risk of failure)
Confirm with . or Enter, or press ? or * to list all spells.
Aiming: Searing Ray (safe; 1% risk of failure)
Press: ? - help, Shift-Dir - straight line, f/p - Harold
Aim: Harold, wielding a +0 dire flail, wearing a +0 scale mail and quivering 2 throwing nets (lightly wounded, covered in acid, 90% to hit)
The searing ray hits Harold.
Harold is moderately wounded. (Press . to maintain the ray.) Harold hits you but does no damage.
The searing ray hits Harold!
Harold is heavily wounded.
Harold hits you with a +0 dire flail!
The searing ray hits Harold!
Harold is heavily wounded.
Harold hits you with a +0 dire flail!
* * * LOW HITPOINT WARNING * * *
Unknown command.
As you read the scroll labelled KOWKIM IMAWIRU, it crumbles to dust.
The scroll dissolves into smoke.
It was a scroll of fog.
Harold hits you with a +0 dire flail!
You die...

### #. #.# #. #.# ##.
#.# #.. #.# ##.# . #.#
#... ... ##.## #...
.....####§..#########...
.....§@@§§..(...........
.....§§§§§.....########.
....#§###§.##..# ## ...
#. #.###..# # . # #..
#..# # #.#.#..# #
.......# # #.. ...# #
.#### #


You could see Harold (corroded).

Vanquished Creatures
  A water moccasin (D:5)
  2 black bears
  2 sky beasts
  A necrophage (D:6)
  4 ogres
  A centaur (D:7)
  A phantom (D:7)
  A kobold brigand (D:7)
  A bullfrog (D:7)
  A centaur zombie (D:6)
  2 bullfrog zombies
  2 hounds (D:6)
  A centaur skeleton (D:5)
  An orc priest (D:4)
  2 iguanas (D:5)
  An orc wizard (D:7)
  Terence (D:1)
  A hound zombie (D:5)
  3 hound skeletons
  A howler monkey skeleton (D:3)
  8 adders
  2 shadow imps
  2 white imps (D:6)
  An ufetubus (D:5)
  An adder zombie (D:5)
  A dart slug (D:5)
  14 orcs
  6 bats
  6 endoplasms
  A giant cockroach (D:2)
  8 goblins
  8 hobgoblins
  2 jackals (D:1)
  4 quokkas
  8 ball pythons
  4 frilled lizards
  13 kobolds
  8 rats
127 creatures vanquished.

Notes
Turn   | Place    | Note
-------+----------+-------------------------------------------
     0 | D:1      | GreyFruit the Draconian Conjurer began the quest for the
                  | Orb.
     0 | D:1      | Reached XP level 1. HP: 14/14 MP: 3/3
   355 | D:1      | Reached XP level 2. HP: 20/20 MP: 3/5
  1238 | D:1      | Reached XP level 3. HP: 26/26 MP: 3/6
  1771 | D:2      | Noticed Terence
  2124 | D:1      | Learned a level 2 spell: Searing Ray
  3530 | D:3      | Reached skill level 5 in Conjurations
  3530 | D:3      | Reached XP level 4. HP: 33/33 MP: 1/7
  4445 | D:3      | Identified the +4 dagger of Fedhas's Approval {freeze,
                  | Dex+3 SInv}
  4893 | D:4      | Found a staircase to the Ecumenical Temple.
  4899 | D:4      | Noticed a black bear
  4905 | Temple   | Entered the Ecumenical Temple
  5013 | Temple   | Became a worshipper of Ashenzari the Shackled
  5039 | D:4      | Killed a black bear
  5040 | D:4      | Reached XP level 5. HP: 34/39 MP: 3/9
  5180 | D:1      | Killed Terence
  5463 | D:4      | Reached XP level 6. HP: 31/46 MP: 0/11
  5790 | D:4      | Reached skill level 6 in Conjurations
  5980 | D:4      | Found Sipuet's General Store.
  6141 | D:5      | Entered Level 5 of the Dungeon
  6159 | D:5      | Reached skill level 1 in Fighting
  6341 | D:5      | Your scales start taking on a golden yellow colour.
  6341 | D:5      | Reached XP level 7. HP: 45/52 MP: 4/13
  6341 | D:5      | Gained mutation: You are resistant to acid. (rCorr) [Yellow
                  | Draconian growth]
  6696 | D:5      | Reached skill level 5 in Spellcasting
  7007 | D:5      | Reached skill level 7 in Conjurations
  7289 | D:6      | Reached XP level 8. HP: 55/59 MP: 11/16
  7638 | D:6      | Found a stormy altar of Qazlal.
  8282 | D:7      | Reached skill level 8 in Conjurations
  8933 | D:7      | Noticed Harold
  8946 | D:7      | Slain by Harold

Illustrated notes

Levels and vault maps discovered:
D:1:      sevenhm_arrival_forest_fort_small_3, layout_loops_corners,
          minmay_misc_feat_tiny
D:2:      layout_basic, minivault_5, uniq_terence
D:3:      layout_basic, serial_rivers, chequers_serial_rivers_marsh,
          chequers_serial_rivers_room_a, chequers_serial_rivers_room_a,
          chequers_serial_rivers_room_a, chequers_serial_rivers_small_3,
          minmay_unequal
D:4:      layout_loops_ring, minmay_temple_entry_waves, serial_shops,
          kennysheep_little_box
D:5:      minmay_evil_eye, layout_basic, sigmund_army
D:6:      layout_rooms, lemuel_round_altar, chequers_garden
D:7:      layout_loops_corners, minmay_overflow_temple_star_hex, uniq_harold
Temple:   nicolae_temple_god_jail

Skill      XL: |  1  2  3  4  5  6  7  8 |
---------------+-------------------------+-----
Dodging        | 2 3 |  3.8
Stealth        | 2 |  2.6
Conjurations   | 5 6 7 8 |  8.3
Spellcasting   | 3 4 5 6 |  6.9
Fighting       | 1 2 |  2.4
Short Blades   | |  0.2
Unarmed Combat | |  0.1

Action                   |  1- 3 |  4- 6 |  7- 9 || total
-------------------------+-------+-------+-------++-------
Melee: Unarmed           |    17 |       |       ||    17
       Tailslap          |     2 |     2 |     6 ||    10
       Short sword       |    15 |     8 |       ||    23
       Punch             |     1 |     1 |       ||     2
       Dagger            |       |    17 |    36 ||    53
 Cast: Magic Dart        |   111 |    89 |    86 ||   286
       Searing Ray       |     1 |     7 |    18 ||    26
 Abil: Breathe Acid      |       |       |     2 ||     2
  Use: Potion            |     1 |       |       ||     1
       Scroll            |       |       |     1 ||     1
 Stab: Sleeping          |       |     1 |     1 ||     2
Armor: Skin              |    11 |    21 |    25 ||    57
Dodge: Dodged            |    42 |    28 |    38 ||   108
